 Dungeon Crawl Stone Soup version 0.26-a0-863-g3bff4b215c (webtiles) character file.

Game seed: 5619834158548109901

6418 iamoutofideas the Thaumaturge (level 10, -1/50 HPs)
             Began as a Deep Elf Fire Elementalist on Nov 25, 2020.
             Was an Elder of Vehumet.
             Splashed by Joseph's acid (12 damage)
             ... on level 7 of the Dungeon.
             The game lasted 00:18:32 (13710 turns).

iamoutofideas the Thaumaturge (DEFE)               Turns: 13710, Time: 00:18:32

Health: -1/50      AC:  2    Str:  5    XL:     10   Next: 66%
Magic:  11/28      EV: 17    Int: 30    God:    Vehumet [****..]
Gold:   117        SH:  0    Dex: 21    Spells: 19/33 levels left

rFire    . . .     SeeInvis +   (no weapon)
rCold    . . .     Faith    .   (no shield)
rNeg     + . .     Spirit   .   i - +2 robe {rN+}
rPois    .         Reflect  .   B - +0 helmet {SInv}
rElec    .         Harm     .   (no cloak)
rCorr    .         Rampage  .   o - +0 pair of gloves
MR       +....                  (no boots)
Stlth    +++.......             (no amulet)
HPRegen  0.16/turn              m - +6 ring of dexterity
MPRegen  0.21/turn              y - +6 ring of intelligence

@: corroded
A: no striking features
a: Renounce Religion


You were on level 7 of the Dungeon.
You worshipped Vehumet.
Vehumet was greatly pleased with you.
You visited 1 branch of the dungeon, and saw 10 of its levels.
You also visited: Bailey.

You collected 391 gold pieces.
You spent 274 gold pieces at shops.

Inventory:

Hand Weapons
 v - a +0 short sword of draining
Missiles
 e - 2 silver boomerangs (quivered)
Armour
 i - a +2 robe of positive energy (worn)
 o - a +0 pair of gloves (worn)
 p - a +0 helmet
 B - a +0 helmet of see invisible (worn)
Jewellery
 m - a +6 ring of dexterity (left hand)
 y - a +6 ring of intelligence (right hand)
Wands
 u - a wand of random effects (26)
 x - a wand of polymorph (21)
 A - a wand of flame (17)
Scrolls
 d - 2 scrolls of remove curse
 g - 2 scrolls of enchant armour {unknown}
 h - 3 scrolls of enchant weapon
 k - 2 scrolls of fog
 l - 3 scrolls of magic mapping {unknown}
 n - 2 scrolls of random uselessness
 q - a scroll of noise {unknown}
 r - a scroll of identify
 s - 4 scrolls of teleportation
 t - 2 scrolls of amnesia {unknown}
 w - a scroll of acquirement {unknown}
 C - a scroll of fear
Potions
 a - a potion of lignification
 b - 3 potions of attraction
 f - a potion of mutation {unknown}
 j - 3 potions of berserk rage
 z - 2 potions of curing
 D - a potion of haste


   Skills:
 + Level 0.1 Fighting
 * Level 5.9 Dodging
 + Level 4.2 Stealth
 + Level 0.1 Unarmed Combat
 + Level 12.3 Spellcasting
 * Level 9.3 Conjurations
 + Level 9.9 Fire Magic
 + Level 1.0 Air Magic
 + Level 1.1 Evocations


You had 19 spell levels left.
You knew the following spells:

 Your Spells              Type           Power        Failure   Level
a - Foxfire               Conj/Fire      ####         1%          1
b - Fireball              Conj/Fire      ######....   1%          5
c - Conjure Flame         Conj/Fire      ######..     1%          3
d - Shock                 Conj/Air       ####         1%          1
e - Olgreb's Toxic Radia  Pois           ###.....     7%          4

Your spell library contained the following spells:

 Spells                   Type           Power        Failure   Level
 Inner Flame              Hex/Fire       #####...     1%          3
 Sticky Flame             Conj/Fire      ######..     1%          4


Dungeon Overview and Level Annotations

Branches:
Dungeon (10/15)            Bailey (visited)
 Temple: D:4-7         Lair: D:8-11         Orc: D:9-12

Altars:
Ashenzari
Elyvilon
Fedhas
Gozag
Makhleb
Nemelex Xobeh
Qazlal
Sif Muna
Uskayaw
Vehumet
Xom
Zin
The Shining One

Shops:
D:4 ?   D:6 *

Annotations:
D:7 Joseph
D:9 exclusion: downstairs


Message History

Your foxfire completely resists.
Your foxfire is almost destroyed.
The fireball engulfs Joseph!
Joseph resists.
Joseph is moderately wounded.
The foxfire hits Joseph.
Joseph resists.
Joseph is moderately wounded.
Joseph shoots a sling bullet.
The sling bullet hits you! The sling bullet burns you.
Unknown command.
Casting: Fireball (dangerous; 1% risk of failure)
Confirm with . or Enter, or press ? or * to list all spells.
Aiming: Fireball (dangerous; 1% risk of failure)
Press: ? - help, Shift-Dir - straight line, f/p - Joseph
Aim: Joseph, wielding a +0 hunting sling of flaming, wearing a +1 leather armour of fire resistance, quivering 22 sling bullets and carrying a wand of acid (8) (moderately wounded)
The fireball explodes!
The fireball engulfs Joseph!
Joseph resists.
Joseph is heavily wounded.
Joseph zaps a wand.
The bolt of acid hits you!
* * * LOW HITPOINT WARNING * * *
The acid corrodes you!
You are splashed with acid!
You die...

.o.#......+..#.......≈≈≈≈≈ ≈≈≈≈≈
...#......#..#..[......≈≈≈≈ ≈≈≈≈.
o.z#......#..#...........≈≈ ≈≈...
...#......####..@......... .....
...#..............#.....## ###..
...#..............#.....# ###
...#..............#.....#
...#..............#.....#
...#......<.....@.'.....#
...#..............#.....#
...#..............#..>..#
...#..............#.....#
...#..............#.....#
...#..........#####.....#
...#......##'##.........#
...#......#...#........##########
..(#......#...#.<......##.....#..


You could see Joseph.

Vanquished Creatures
  Harold (D:7)
  Pikel (D:5)
  Sigmund (D:2)
  Edmund (D:4)
  2 water moccasins
  2 orc warriors
  3 phantoms
  3 ice beasts
  A sky beast (D:9)
  7 ogres
  A necrophage (D:6)
  3 centaurs
  A lemure (D:5)
  5 bullfrogs
  A big kobold (D:9)
  A gnoll sergeant (D:8)
  4 scorpions
  14 wights
  3 howler monkeys
  3 electric eels (D:9)
  A centaur zombie (D:9)
  A quasit (D:8)
  2 bullfrog zombies
  6 hounds
  3 jellies
  3 orc priests
  2 centaur skeletons (D:8)
  2 iguanas
  A bullfrog skeleton (D:5)
  Jessica (D:2)
  Natasha (thrice) (D:3)
  7 worker ants
  11 orc wizards
  A hound skeleton (D:7)
  A worker ant zombie (D:5)
  11 gnolls
  11 adders
  2 shadow imps
  3 white imps
  An ooze (D:3)
  An adder zombie (D:6)
  A dart slug (D:4)
  8 leopard geckos
  34 orcs
  A ball python (D:1)
  3 giant cockroaches
  7 goblins
  4 hobgoblins (D:1)
  10 jackals
  15 kobolds
  4 quokkas
  7 bats
  7 frilled lizards
  A jackal zombie (D:5)
  2 leopard gecko skeletons
  6 rats (D:1)
242 creatures vanquished.

Vanquished Creatures (collateral kills)
  37 foxfires
37 creatures vanquished.

Vanquished Creatures (others)
  1270 foxfires
  31 plants
1301 creatures vanquished.

Grand Total: 1580 creatures vanquished

Notes
Turn   | Place    | Note
-------+----------+-------------------------------------------
     0 | D:1      | iamoutofideas the Deep Elf Fire Elementalist began the
                  | quest for the Orb.
     0 | D:1      | Reached XP level 1. HP: 10/10 MP: 6/6
     6 | D:1      | Noticed a hog
     6 | D:1      | Noticed a lindwurm
     7 | D:1      | Noticed a five-headed hydra
     7 | D:1      | Noticed a black bear
   170 | D:1      | Reached XP level 2. HP: 15/15 MP: 1/8
   891 | D:1      | Reached XP level 3. HP: 19/19 MP: 2/9
  1380 | D:2      | Noticed Sigmund
  1395 | D:2      | Killed Sigmund
  1396 | D:2      | Reached skill level 4 in Spellcasting
  1396 | D:2      | Reached XP level 4. HP: 18/24 MP: 0/12
  1396 | D:2      | Reached XP level 5. HP: 21/28 MP: 0/14
  1553 | D:2      | Reached skill level 5 in Fire Magic
  1685 | D:2      | Reached skill level 5 in Spellcasting
  1865 | D:2      | Noticed Jessica
  1872 | D:2      | Killed Jessica
  2585 | D:3      | Found a broken altar of Ashenzari.
  2589 | D:3      | Found an opulent altar of Gozag.
  2592 | D:3      | Found a blossoming altar of Fedhas.
  2593 | D:3      | Found a radiant altar of Vehumet.
  2593 | D:3      | Found a burning altar of Makhleb.
  2594 | D:3      | Found a sparkling altar of Nemelex Xobeh.
  2594 | D:3      | Found a shimmering blue altar of Sif Muna.
  2599 | D:3      | Found a shimmering altar of Xom.
  2607 | D:3      | Became a worshipper of Vehumet
  2744 | D:3      | Noticed Natasha
  2763 | D:3      | Killed Natasha
  2764 | D:3      | Reached XP level 6. HP: 21/32 MP: 0/16
  2792 | D:3      | Noticed Natasha
  2982 | D:3      | Killed Natasha
  3012 | D:3      | Noticed Natasha
  3018 | D:3      | Killed Natasha
  3253 | D:3      | Learned a level 5 spell: Fireball
  3259 | D:2      | Learned a level 3 spell: Conjure Flame
  3538 | D:3      | Reached skill level 6 in Spellcasting
  3960 | D:4      | Reached XP level 7. HP: 34/36 MP: 12/19
  4146 | D:4      | Reached skill level 7 in Spellcasting
  4324 | D:4      | Found Yrimyki's Magic Scroll Shop.
  4332 | D:4      | Reached * piety under Vehumet
  4332 | D:4      | Offered knowledge of Freeze by Vehumet.
  4340 | D:4      | Reached skill level 8 in Spellcasting
  4343 | D:4      | Bought a scroll of blinking for 97 gold pieces
  4343 | D:4      | Bought a scroll of teleportation for 39 gold pieces
  4565 | D:4      | Found a stormy altar of Qazlal.
  4654 | D:4      | Noticed Edmund
  4685 | D:4      | Killed Edmund
  5083 | D:4      | Found a shimmering blue altar of Sif Muna.
  5130 | D:4      | Reached XP level 8. HP: 39/41 MP: 12/22
  5415 | D:5      | Entered Level 5 of the Dungeon
  5523 | D:5      | Found a glowing silver altar of Zin.
  5523 | D:5      | Found a glowing golden altar of the Shining One.
  5524 | D:5      | Found a white marble altar of Elyvilon.
  5622 | D:5      | Reached skill level 9 in Spellcasting
  5942 | D:5      | Noticed Pikel
  5957 | D:5      | Killed Pikel
  6698 | D:5      | Reached skill level 10 in Spellcasting
  6698 | D:5      | Reached XP level 9. HP: 45/45 MP: 19/25
  6759 | D:5      | Reached skill level 5 in Conjurations
  7332 | D:6      | Offered knowledge of Shock by Vehumet.
  7389 | D:6      | Reached ** piety under Vehumet
  7909 | D:6      | Found Vumulo's General Store.
  7912 | D:6      | Bought a +0 helmet of see invisible for 138 gold pieces
  8832 | D:6      | Learned a level 1 spell: Shock
  9131 | D:7      | Offered knowledge of Mephitic Cloud by Vehumet.
  9162 | D:7      | Noticed Harold
  9369 | D:8      | Reached skill level 11 in Spellcasting
  9377 | D:8      | Reached skill level 1 in Air Magic
  9398 | D:8      | Found a flagged portal.
  9401 | D:8      | Reached *** piety under Vehumet
  9480 | D:8      | Reached skill level 1 in Evocations
  9497 | Bailey   | Entered a bailey
  9497 | Bailey   | Noticed an orc knight
  9497 | Bailey   | Noticed an orc knight
 10160 | D:8      | Reached XP level 10. HP: 50/50 MP: 23/27
 10195 | D:8      | Offered knowledge of Iskenderun's Mystic Blast by Vehumet.
 11083 | D:9      | Found a hide-covered altar of Uskayaw.
 11229 | D:9      | Reached skill level 5 in Dodging
 11802 | D:9      | Reached **** piety under Vehumet
 12408 | D:9      | Offered knowledge of Olgreb's Toxic Radiance by Vehumet.
 12534 | D:10     | Entered Level 10 of the Dungeon
 12752 | D:7      | Reached skill level 12 in Spellcasting
 12924 | D:7      | Noticed Joseph
 13247 | D:7      | Learned a level 4 spell: Olgreb's Toxic Radiance
 13252 | D:7      | Killed Harold
 13710 | D:7      | Splashed by Joseph's acid

Illustrated notes

Levels and vault maps discovered:
D:1:      onia_arrival_zoo_common, layout_rooms, kennysheep_boxes
D:2:      layout_loops_ring, uniq_sigmund, uniq_jessica
D:3:      layout_basic, grunt_temple_overflow_open, serial_forest,
          infiniplex_forest_diagonal, infiniplex_forest_lined_room_,
          infiniplex_forest_straight_2, infiniplex_forest_fountain,
          infiniplex_forest_lined_corner, infiniplex_forest_straight_2,
          infiniplex_forest_clump_medium, infiniplex_forest_clump_small,
          infiniplex_forest_clump_tiny, minmay_misc_feat_ornament, uniq_natasha
D:4:      layout_basic, general_overflow_altar, serial_shops, shop,
          minmay_ruined_shrine, uniq_edmund
D:5:      layout_loops_corners, good_gods_mini_temple, uniq_pikel
D:6:      layout_rooms, serial_shops, kennysheep_mini_moat, minivault_4
D:7:      layout_gridville, temple_pool_b, uniq_harold, uniq_joseph
D:8:      layout_basic, enter_bailey_3
D:9:      layout_loops_cross, lemuel_doored_altar, kennysheep_small_spiral,
          chequers_big_river
D:10:     cheibrodos_helix_gallery, layout_loops_cross, david_lair_generic

Skill      XL: |  1  2  3  4  5  6  7  8  9 10 |
---------------+-------------------------------+-----
Fire Magic     | 4 5 6 8 9 |  9.9
Spellcasting   | 4 5 6 8 10 11 12 | 12.3
Conjurations   | 2 3 4 7 9 |  9.3
Stealth        | 3 4 |  4.2
Dodging        | 3 4 5 |  5.9
Air Magic      | 1 |  1.0
Evocations     | 1 |  1.1
Fighting       | |  0.1
Unarmed Combat | |  0.1

Action                   |  1- 3 |  4- 6 |  7- 9 | 10-12 || total
-------------------------+-------+-------+-------+-------++-------
Melee: Unarmed           |     7 |    11 |     1 |       ||    19
 Cast: Foxfire           |    78 |   143 |   408 |   213 ||   842
       Fireball          |       |       |    16 |    19 ||    35
       Shock             |       |       |    13 |       ||    13
       Conjure Flame     |       |       |     2 |     1 ||     3
       Olgreb's Toxic Ra |       |       |       |     1 ||     1
Evoke: Wand              |       |       |     6 |       ||     6
  Use: Scroll            |       |     4 |     3 |     5 ||    12
       Potion            |       |       |     7 |     1 ||     8
 Stab: Sleeping          |       |     1 |       |       ||     1
Armor: Robe              |    10 |    28 |    22 |     9 ||    69
       Skin              |       |       |    19 |       ||    19
Dodge: Dodged            |    46 |    64 |    98 |    27 ||   235

Table legend: (Time is in decaauts)
 A = Elapsed time spent in this place.
 B = Non-inter-level travel time spent in this place.
 C = Inter-level travel time spent in this place.
 D = Time resting spent in this place.
 E = Time spent auto-exploring this place.
 F = Levels seen in this place.
 G = Mean time per level.
                   A        B        C        D        E       F      G
               +--------+--------+--------+--------+--------+-----+--------+
         Total |  13739 |  13311 |    428 |   3362 |   8129 |  11 | 1249.0 |
       Dungeon |  13727 |  13299 |    428 |   3362 |   8129 |  10 | 1372.7 |
        Bailey |     11 |     11 |      0 |      0 |      0 |   1 |   11.0 |
               +--------+--------+--------+--------+--------+-----+--------+

Top non-repeatable levels by time:
     D:8: 1933 daAuts
     D:5: 1913 daAuts
     D:9: 1908 daAuts
     D:4: 1620 daAuts
     D:1: 1380 daAuts
     D:7: 1319 daAuts
     D:6: 1230 daAuts
     D:2: 1215 daAuts
     D:3: 1204 daAuts
  Bailey: 11 daAuts
    D:10: 1 daAuts
